 Dungeon Crawl Stone Soup version 0.27-a0-1200-g94dc6ad4cf (webtiles) character file.

Game seed: 10604499162391249004

46 robertstho the Chiller (level 3, -2/26 HPs)
             Began as a Ghoul Ice Elementalist on June 1, 2021.
             Slain by a gnoll
             ... wielding a +0 halberd
              (14 damage)
             ... on level 2 of the Dungeon.
             The game lasted 00:04:03 (1719 turns).

robertstho the Chiller (Ghoul Ice Elementalist)     Turns: 1719, Time: 00:04:04

Health: -2/26      AC:  2    Str: 11    XL:     3   Next: 68%
Magic:  1/5        EV: 12    Int: 11    God:
Gold:   22         SH:  0    Dex:  9    Spells: 2/6 levels left

rFire    . . .     SeeInvis .   (no weapon)
rCold    + . .     Faith    .   (no shield)
rNeg     + + +     Spirit   .   a - +0 robe
rPois    ∞         Reflect  .   (no helmet)
rElec    .         Harm     .   (no cloak)
rCorr    .         Rampage  .   (no gloves)
Will     .....                  (no boots)
Stlth    ++........             (no amulet)
HPRegen  0.00/turn              (no ring)
MPRegen  0.09/turn              (no ring)

@: freezing walls
A: claws 1, cold resistance 1, negative energy resistance 3, inhibited
regeneration, torment resistance 2
a: no special abilities


You were on level 2 of the Dungeon.
You visited 1 branch of the dungeon, and saw 2 of its levels.

You collected 35 gold pieces.
You spent 13 gold pieces at shops.

Inventory:

Armour
 a - a +0 robe (worn)
Scrolls
 b - 2 scrolls of magic mapping {unknown}
 d - 2 scrolls of identify {unknown}
 e - a scroll of enchant weapon {unknown}
 f - a scroll of noise
 g - a scroll of immolation {unknown}
Potions
 c - a potion of magic {unknown}
 h - a potion of degeneration {unknown}
 i - 2 potions of mutation {unknown}


   Skills:
 + Level 2.0 Dodging
 + Level 2.4 Stealth
 + Level 0.9 Unarmed Combat
 * Level 2.1 Spellcasting
 * Level 5.2 Ice Magic


You had 2 spell levels left.
You knew the following spells:

 Your Spells              Type           Power      Damage    Failure   Level
a - Freeze                Ice            48%        1d7       3%          1
b - Frozen Ramparts       Ice            24%        1d4       10%         3

Your spell library contained the following spells:

 Spells                   Type           Power      Damage    Failure   Level
 Animate Skeleton         Necr           2%         N/A       28%         1
 Pain                     Necr           4%         1d4       28%         1
 Ozocubu's Armour         Ice            12%        N/A       10%         3
 Vampiric Draining        Necr           0%         2d6       65%         3
 Hailstorm                Conj/Ice       6%         3d4       69%         4
 Metabolic Englaciation   Hex/Ice        3%         N/A       95%         5
 Animate Dead             Necr           0%         N/A       96%         4
 Agony                    Necr           1%         N/A       100%        5


Dungeon Overview and Level Annotations

Branches:
Dungeon (2/15)

Altars:

Shops:
D:1 *[*[?


Innate Abilities, Weirdness & Mutations

You thrive by killing the living.
You are immune to poison.
You have sharp fingernails.
Your flesh is cold resistant. (rC+)
You are immune to negative energy. (rN+++)
You do not regenerate when monsters are visible.
You are immune to unholy pain and torment.


Message History

Your magical contamination has completely faded away.
Casting: Frozen Ramparts (quite dangerous; 10% risk of failure)
Confirm with . or Enter, or press ? or * to list all spells.
The spell is quite dangerous to cast (10% risk of failure)!
Continue anyway?
Casting: Frozen Ramparts (quite dangerous; 10% risk of failure)
Press: ? - help, Dir - look around, f - activate The walls around you are covered in ice.
The wall freezes the gnoll.
Unknown command.
What are your orders? t - Shout!
Orders for allies: a - Attack new target. r - Retreat! s - Stop attacking. g - Guard the area. f - Follow me.
Anything else - Cancel.
You shout for attention!
The wall freezes the gnoll.
What are your orders? t - Shout!
Orders for allies: a - Attack new target. r - Retreat! s - Stop attacking. g - Guard the area. f - Follow me.
Anything else - Cancel.
You shout for attention!
The wall freezes the gnoll.
The gnoll hits you with a +0 club. What are your orders? t - Shout!
Orders for allies: a - Attack new target. r - Retreat! s - Stop attacking. g - Guard the area. f - Follow me.
Anything else - Cancel.
You shout for attention!
The wall freezes the gnoll.
The gnoll hits you with a +0 club!
The wall freezes the gnoll.
You scratch the gnoll.
You kill the gnoll!
The wall freezes the gnoll.
The gnoll hits you from afar with a +0 halberd!
Ouch! That really hurt!
You die...

#.........####....#
########### ##...#
#...# ♣♣♣####.##
.♣....##.#
♣......#.#
♣.......# ♣♣......#
♣♣####@# #)# #g#
#############.#
####......g..g...#
......############
#####.# #####g#
......#####


You could see a gnoll.

Vanquished Creatures
  A gnoll (D:2)
  A dart slug (D:2)
  2 bats (D:1)
  5 endoplasms
  3 giant cockroaches
  4 goblins
  6 hobgoblins (D:1)
  6 jackals
  3 ball pythons
  2 frilled lizards (D:1)
  4 kobolds (D:1)
37 creatures vanquished.

Notes
Turn   | Place    | Note
-------+----------+-------------------------------------------
     0 | D:1      | robertstho the Ghoul Ice Elementalist began the quest for
                  | the Orb.
     0 | D:1      | Reached XP level 1. HP: 14/14 MP: 2/2
    16 | D:1      | Found Noiniqub's General Store.
   138 | D:1      | Reached XP level 2. HP: 15/20 MP: 1/3
   433 | D:1      | Reached skill level 5 in Ice Magic
   448 | D:1      | Found Hephymm's Armour Shop.
   454 | D:1      | Found a faded altar of an unknown god.
   740 | D:1      | Found Gebesuvy's Magic Scroll Boutique.
   797 | D:1      | Bought a scroll of noise for 13 gold pieces
   812 | D:1      | Reached XP level 3. HP: 24/26 MP: 1/5
  1134 | D:1      | Found Heamev's Armour Emporium.
  1189 | D:1      | Found Ighur's Assorted Antiques.
  1494 | D:2      | Learned a level 3 spell: Frozen Ramparts
  1719 | D:2      | Slain by a gnoll

Illustrated notes

Levels and vault maps discovered:
D:1:      amcnicky_arrival_choice, layout_loops_ring,
          hellmonk_ecumenical_altar_arch_garden, serial_shops, shop,
          nicolae_shop_crystal, shop, nicolae_shop_waterfront,
          nicolae_shop_waterfront, minmay_tall_x
D:2:      layout_loops_corners, chequers_serial_rivers_micro_a, uniq_terence,
          uniq_crazy_yiuf_cottage

Skill      XL: |  1  2  3 |
---------------+----------+-----
Ice Magic      | 5 |  5.2
Spellcasting   | 2 |  2.1
Dodging        | 2 |  2.0
Stealth        | |  2.4
Unarmed Combat | |  0.9

Action                   || total
-------------------------++-------
Melee: Unarmed           ||    94
 Cast: Freeze            ||    23
       Frozen Ramparts   ||     1
 Stab: Sleeping          ||     4
Armor: Robe              ||    15
Dodge: Dodged            ||    78

Table legend: (Time is in decaauts)
 A = Elapsed time spent in this place.
 B = Non-inter-level travel time spent in this place.
 C = Inter-level travel time spent in this place.
 D = Time resting spent in this place.
 E = Time spent auto-exploring this place.
 F = Levels seen in this place.
 G = Mean time per level.
                   A        B        C        D        E       F      G
               +--------+--------+--------+--------+--------+-----+--------+
         Total |   1720 |   1682 |     38 |    200 |   1180 |   2 |  860.0 |
       Dungeon |   1720 |   1682 |     38 |    200 |   1180 |   2 |  860.0 |
               +--------+--------+--------+--------+--------+-----+--------+

Top non-repeatable levels by time:
     D:1: 1236 daAuts
     D:2: 483 daAuts
